 Dungeon Crawl Stone Soup version 0.30.0-10-gfe55d96785 (webtiles) character file.

Game seed: 17601892409004852226

12898 monsoonserge the Demolition Meteoran (level 12, -2/87 (100) HPs)
             Began as a Meteoran Monk on May 14, 2023.
             Was an Elder of Makhleb.
             Slain by a spectral orc warrior
             ... wielding a +0 glaive
             ... summoned by Nergalle
              (11 damage)
             ... on level 2 of the Lair of Beasts on May 15, 2023.
             The game lasted 01:19:48 (7188 turns).

monsoonserge the Demolition Meteoran (MeMo)         Turns: 7188, Time: 01:19:51

HP:   -2/87 (100)   AC: 17    Str: 20    XL:     12   Next: 56%
MP:   0/22          EV: 16    Int: 11    God:    Makhleb [****..]
Gold: 769           SH: 13    Dex: 20    Spells: 11/11 levels left

rFire   + . .        H - +1 short sword (elec)
rCold   . . .        J - +1 kite shield {AC+3}
rNeg    + . .        j - +0 acid dragon scales
rPois   .            (no helmet)
rElec   +            p - +1 cloak
rCorr   +            (no gloves)
SInv    .            (no boots)
Will    +....        h - amulet of guardian spirit
Stlth   +            x - ring "Ynlutzel" {rF+ rN+ Dex+3}
HPRegen 0.34/turn    t - ring of Butchery {rElec AC+4 Str+6 Dex-5}
MPRegen 0.18/turn

%: guardian spirit
@: about to teleport, glowing, heavily drained
A: sense surroundings 2, otherworldly, glowing, explore regen
a: Renounce Religion, Minor Destruction, Lesser Servant of Makhleb, Major
Destruction


You were on level 2 of the Lair of Beasts.
You worshipped Makhleb.
Makhleb was greatly pleased with you.
You visited 2 branches of the dungeon, and saw 13 of its levels.
You also visited: Sewer and Ossuary.

You collected 769 gold pieces.

Inventory:

Hand Weapons
 r - a +2 dagger of freezing
 H - a +1 short sword of electrocution (weapon)
Missiles
 f - 3 boomerangs of dispersal
 i - 2 curare-tipped darts
 K - 24 poisoned darts (quivered)
Armour
 a - a +2 ring mail of willpower
 j - +0 acid dragon scales (worn)
 p - a +1 cloak (worn)
 F - a +1 leather armour of cold resistance
 J - a +1 kite shield of protection (worn)
Jewellery
 d - an amulet of regeneration
 h - an amulet of guardian spirit (around neck)
 l - a ring of resist corrosion
 s - a +5 ring of evasion
 t - the ring of Butchery (right hand) {rElec AC+4 Str+6 Dex-5}
   (You found it in a sewer)

   [ring of protection]

   AC:        It affects your AC (+4).
   Str:       It affects your strength (+6).
   Dex:       It affects your dexterity (-5).
   rElec:     It insulates you from electricity.
 u - a ring of positive energy
 x - the ring "Ynlutzel" (left hand) {rF+ rN+ Dex+3}
   (You took it off a vampire on level 9 of the Dungeon)

   [ring of positive energy]

   Dex:       It affects your dexterity (+3).
   rF:        It protects you from fire.
   rN:        It protects you from negative energy.
 O - a ring of protection from cold
 R - a ring of magical power
Wands
 b - a wand of quicksilver (11)
 y - a wand of digging (2)
 C - a wand of charming (9)
 E - a wand of flame (26)
 P - a wand of polymorph (9)
Scrolls
 g - a scroll of poison
 k - 2 scrolls of amnesia
 m - 2 scrolls of butterflies
 n - 2 scrolls of magic mapping
 o - 3 scrolls of enchant armour
 q - 3 scrolls of blinking
 v - 5 scrolls of enchant weapon
 w - 3 scrolls of immolation
 I - a scroll of fear
 L - 3 scrolls of teleportation
 M - 2 scrolls of vulnerability
 T - a scroll of torment
Potions
 c - 2 potions of ambrosia
 e - 7 potions of curing
 z - 4 potions of heal wounds
 A - 3 potions of attraction
 B - 5 potions of brilliance
 G - 5 potions of haste
 N - a potion of resistance
 Q - 2 potions of flight
 S - 2 potions of mutation
 U - 2 potions of might
 V - 2 potions of cancellation
 W - a potion of magic {unknown}
 X - a potion of berserk rage {unknown}
 Z - a potion of lignification
Miscellaneous
 D - a piece from Xom's chessboard (12/15)
 Y - a condenser vane


   Skills:
 + Level 7.3 Fighting
 + Level 8.5(9.2) Short Blades
 * Level 5.5(8.2) Long Blades
 + Level 1.2 Throwing
 + Level 7.1 Armour
 + Level 9.3 Dodging
 + Level 1.9 Stealth
 * Level 7.7 Shields
 * Level 13.1 Invocations
 + Level 3.0 Evocations


You had 11 spell levels left.
You didn't know any spells.
Your spell library contained the following spells:

 Spells                   Type           Power      Damage    Failure   Level
 Apportation              Tloc           0%         N/A       67%         1
 Necrotise                Necr           0%         1d4       67%         1
 Summon Small Mammal      Summ           0%         N/A       67%         1
 Sublimation of Blood     Necr           0%         N/A       80%         2
 Wereblood                Tmut           0%         N/A       80%         2
 Volatile Blastmotes      Fire/Tloc      0%         2d10      95%         3
 Anguish                  Hex/Necr       0%         N/A       100%        4
 Cause Fear               Hex            0%         N/A       100%        4
 Fulminant Prism          Conj/Hex       0%         3d5       100%        4
 Iskenderun's Mystic Bla  Conj/Tloc      0%         2d3       100%        4
 Summon Lightning Spire   Summ/Air       0%         N/A       100%        4
 Lee's Rapid Deconstruct  Erth           0%         3d4*      100%        5
 Enfeeble                 Hex            0%         N/A       100%        7
 Storm Form               Tmut/Air       0%         N/A       100%        7
 Summon Hydra             Summ           0%         N/A       100%        7
 Maxwell's Capacitive Co  Air            0%         ∞         100%        8


Dungeon Overview and Level Annotations

Branches:
Dungeon (11/15) Zot: 973   Temple (0/1) D:5            Lair (2/5) D:11 Zot: 513
    Orc (0/2) D:10          Sewer (visited)         Ossuary (visited)
  Swamp: Lair:2-3    Shoals: Lair:2-3     Snake: Lair:2-3    Spider: Lair:2-3

Altars:
Cheibriados
Fedhas
Hepliaklqana
Kikubaaqudgha
Makhleb
Nemelex Xobeh
Ru
Sif Muna
Uskayaw
Xom
Yredelemnul
Zin

Shops:
D:10 *

Annotations:
Lair:2 Nergalle


Innate Abilities, Weirdness & Mutations

You passively map the area around you.
You are easily found by Zot.
You glow in the dark.
You regain HP and MP as you explore.


Message History

The spectral orc misses you.
You block the spectral orc warrior's attack.
Nergalle hits you with a +1 dagger of flaming.
* * * LOW HITPOINT WARNING * * *
Nergalle burns you. You block the spectral orc's attack.
You block the spectral orc warrior's attack.
The spectral orc hits you but does no damage.
The spectral orc warrior hits you from afar with a +0 trident.
* * * LOW HITPOINT WARNING * * *
You partially resist.
You feel drained.
The spectral orc knight completely misses you.
You block the spectral orc warrior's attack. x2
You barely miss Nergalle.
Nergalle is heavily wounded.
You block the spectral orc's attack.
You block the spectral orc warrior's attack.
The spectral orc warrior completely misses you.
The spectral orc hits you but does no damage.
Nergalle completely misses you. The spectral orc barely misses you.
You barely miss Nergalle.
Nergalle is heavily wounded.
Your hellwing hits Nergalle. x2
You block the spectral orc warrior's attack.
You block the spectral orc knight's attack.
You block the spectral orc warrior's attack.
The spectral orc warrior misses you.
The spectral orc hits you but does no damage.
You barely miss Nergalle.
Nergalle is heavily wounded.
You block the spectral orc warrior's attack.
You block the spectral orc's attack. You block Nergalle's attack.
The spectral orc hits you but does no damage.
The spectral orc warrior hits you with a +0 long sword.
* * * LOW HITPOINT WARNING * * *
The spectral orc closely misses you.
The spectral orc knight barely misses you.
The spectral orc warrior closely misses you.
The spectral orc warrior hits you but does no damage.
The spectral orc warrior hits you from afar with a +0 glaive!
You die...

,,, * , , ,, , .#
....P## ,
,...##.....# , ,,,
...........# ,
#...#P.....####
#............# ,,
,.#.....ZZ.Z...# ,,
......ZZoZZ..# <, ,
#...ZZ@4♣♣♣# , *
.##...ZZZ..~P♣#* ~
*..........Z~~PP# *~
~ ~*...........~≈≈♣#
~
~~~*...........~~~~#
*..........P~~P## ~
* ..........♣P♣##
..............#*
.##. ...............


You could see Nergalle (ally target), 3 spectral orcs, 8 spectral orc warriors,
2 spectral orc knights and a friendly hellwing (summoned).

Vanquished Creatures
  2 two-headed ogres
  A cyclops (D:9)
  2 cane toads (Lair:1)
  A rime drake (Lair:1)
  Maggie (D:8)
  Prince Ribbit (D:5)
  A hornet (D:9)
  A vampire (D:10)
  A shadow (D:9)
  3 wraiths
  Eustachio (D:6)
  11 yaks
  A basilisk (D:9)
  2 steam dragons
  7 vampire mosquitoes (D:10)
  An acid dragon (D:9)
  7 water moccasins
  2 orc warriors (D:10)
  A sky beast (D:4)
  4 ogres
  5 wolves (Lair:1)
  A black bear (D:8)
  7 centaurs
  2 phantoms
  2 kobold brigands
  8 bullfrogs
  3 scorpions
  7 killer bees
  An electric eel (D:7)
  3 howler monkeys
  A hound (D:5)
  A jelly (D:5)
  11 orc priests
  2 gnoll boudas
  3 sleepcaps
  7 iguanas
  9 orc wizards
  A mummy (Ossuary)
  7 gnolls
  12 adders
  2 white imps
  3 shadow imps
  An ufetubus (D:5)
  4 worms
  A dart slug (D:2)
  27 orcs
  A bat (D:2)
  6 endoplasms
  2 giant cockroaches
  7 hobgoblins
  6 jackals (D:1)
  3 quokkas
  12 ball pythons
  12 frilled lizards
  5 gnoll skeletons (Ossuary)
  8 goblins
  A jackal zombie (D:8)
  14 kobolds
  7 kobold skeletons (Ossuary)
  13 orc skeletons (Ossuary)
  3 rats
  A rat zombie (D:8)
283 creatures vanquished.

Vanquished Creatures (collateral kills)
  A vampire (D:9)
  An acid dragon (D:9)
  Duvessa (D:6)
  2 centaurs (D:9)
  A kobold brigand (D:9)
  A bullfrog (D:6)
  Dowan (D:6)
  2 killer bees (D:7)
  An orc wizard (D:8)
  A gnoll (D:7)
  2 adders (D:6)
14 creatures vanquished.

Grand Total: 297 creatures vanquished

Notes
Turn   | Place    | Note
-------+----------+-------------------------------------------
     0 | D:1      | monsoonserge the Meteoran Monk began the quest for the Orb.
     0 | D:1      | Reached XP level 1. HP: 19/19 MP: 2/2
   120 | D:1      | Reached XP level 2. HP: 24/26 MP: 3/3
   334 | D:1      | Reached XP level 3. HP: 30/31 MP: 4/4
   505 | D:2      | Found a glowing silver altar of Zin.
   579 | D:2      | Reached XP level 4. HP: 40/40 MP: 5/5
   753 | D:3      | Found a glowing drain.
   778 | Sewer    | Entered a sewer
   823 | Sewer    | Reached skill level 1 in Short Blades
   823 | Sewer    | Reached skill level 1 in Armour
   849 | Sewer    | Reached XP level 5. HP: 30/46 MP: 3/6
  1022 | Sewer    | Noticed a bullfrog
  1035 | Sewer    | Killed a bullfrog
  1036 | Sewer    | Reached XP level 6. HP: 39/52 MP: 4/7
  1049 | Sewer    | Identified the ring of Butchery {rElec AC+4 Str+6 Dex-5}
  1266 | D:3      | Found a snail-covered altar of Cheibriados.
  1271 | D:3      | Found a shimmering blue altar of Sif Muna.
  1271 | D:3      | Found a shimmering altar of Xom.
  1271 | D:3      | Found an ancient bone altar of Kikubaaqudgha.
  1271 | D:3      | Found a glowing silver altar of Zin.
  1271 | D:3      | Found a hazy altar of Hepliaklqana.
  1272 | D:3      | Found a sacrificial altar of Ru.
  1424 | D:4      | Reached skill level 5 in Dodging
  1521 | D:3      | Reached skill level 1 in Evocations
  1872 | D:4      | Reached XP level 7. HP: 60/60 MP: 8/8
  2162 | D:5      | Entered Level 5 of the Dungeon
  2171 | D:5      | Reached XP level 8. HP: 67/67 MP: 9/9
  2175 | D:5      | Found a burning altar of Makhleb.
  2183 | D:5      | Became a worshipper of Makhleb the Destroyer
  2183 | D:5      | Reached * piety under Makhleb
  2183 | D:5      | Reached ** piety under Makhleb
  2358 | D:5      | Noticed Prince Ribbit
  2370 | D:5      | Reached skill level 1 in Invocations
  2382 | D:5      | Killed Prince Ribbit
  2383 | D:5      | Reached skill level 5 in Fighting
  2383 | D:5      | Reached skill level 5 in Armour
  2383 | D:5      | Reached skill level 1 in Stealth
  2532 | D:5      | Reached skill level 2 in Invocations
  2534 | D:5      | Gained mutation: You passively map the area around you.
                  | [Meteoran growth]
  2534 | D:5      | Reached XP level 9. HP: 47/74 MP: 6/12
  2535 | D:5      | Reached skill level 5 in Short Blades
  2535 | D:5      | Reached skill level 3 in Invocations
  2663 | D:5      | Reached skill level 4 in Invocations
  2719 | D:5      | Found a blossoming altar of Fedhas.
  2904 | D:5      | Found a staircase to the Ecumenical Temple.
  3029 | D:6      | Reached skill level 5 in Invocations
  3037 | D:6      | Reached *** piety under Makhleb
  3072 | D:6      | Noticed Duvessa
  3073 | D:6      | Noticed Dowan
  3093 | D:6      | Killed Duvessa
  3100 | D:6      | Killed Dowan
  3101 | D:6      | Reached skill level 6 in Invocations
  3179 | D:6      | Noticed Eustachio
  3193 | D:6      | Killed Eustachio
  3194 | D:6      | Reached XP level 10. HP: 79/81 MP: 14/16
  3247 | D:6      | Reached skill level 7 in Invocations
  3468 | D:7      | Found a sparkling altar of Nemelex Xobeh.
  3624 | D:7      | Reached skill level 8 in Invocations
  3878 | D:8      | Reached skill level 9 in Invocations
  3896 | D:8      | Noticed Maggie
  3960 | D:8      | Killed Maggie
  4002 | D:8      | Found a sand-covered staircase.
  4011 | Ossuary  | Entered an ossuary
  4033 | Ossuary  | Reached **** piety under Makhleb
  4402 | D:9      | Reached skill level 10 in Invocations
  4509 | D:9      | Reached XP level 11. HP: 52/89 MP: 17/20
  4618 | D:9      | Reached skill level 11 in Invocations
  4746 | D:9      | Noticed a centaur warrior
  4749 | D:9      | Identified the ring "Ynlutzel" {rF+ rN+ Dex+3}
  4749 | D:9      | Noticed a cyclops
  4760 | D:9      | Noticed a two-headed ogre
  5084 | D:9      | Reached skill level 12 in Invocations
  5193 | D:9      | Noticed a cyclops
  5202 | D:9      | Killed a cyclops
  5203 | D:9      | Reached skill level 1 in Shields
  5299 | D:9      | Noticed a two-headed ogre
  5321 | D:9      | Killed a two-headed ogre
  5322 | D:9      | Reached skill level 13 in Invocations
  5403 | D:10     | Entered Level 10 of the Dungeon
  5735 | D:10     | Found a staircase to the Orcish Mines.
  5750 | D:10     | Noticed a two-headed ogre
  5785 | D:10     | Killed a two-headed ogre
  5838 | D:10     | Found the Hermit's Pendant {Faith Invo=14 Evo=0 MP+5}
  5935 | D:10     | Found a basalt altar of Yredelemnul.
  6011 | D:10     | Reached XP level 12. HP: 96/100 MP: 20/22
  6029 | D:10     | Reached skill level 5 in Shields
  6052 | D:10     | Reached skill level 5 in Long Blades
  6077 | D:10     | Found Ykoun's Gadget Gallery.
  6332 | D:10     | Found a hide-covered altar of Uskayaw.
  6415 | D:11     | Found a staircase to the Lair.
  6424 | Lair:1   | Entered Level 1 of the Lair of Beasts
  6578 | Lair:1   | Reached skill level 1 in Throwing
  6807 | Lair:1   | Reached ***** piety under Makhleb
  6984 | Lair:1   | Glimpsed the power of Zot.
  7036 | Lair:1   | Glimpsed the power of Zot.
  7137 | Lair:2   | Noticed Nergalle
  7188 | Lair:2   | Slain by a spectral orc warrior

Illustrated notes

Levels and vault maps discovered:
D:1:      lightli_arrival_boilingwater, layout_loops_ring
D:2:      layout_rooms, basic_altar, dk_noncrumbling_4
D:3:      layout_basic, grunt_temple_overflow_open, cheibrodos_sewer_entry_bend,
          serial_park_tiny_2, minivault_5
D:4:      layout_cave_pods, grunt_ministairs_11
D:5:      minmay_recursive_quarters, layout_basic, lemuel_crystal_altar,
          mainiacjoe_overflow_alcove_4, minmay_temple_entry_fiery,
          hellmonk_bongcloud_opening, grunt_tough_drop, uniq_prince_ribbit1
D:6:      layout_cave_pools, serial_park_tiny_2, uniq_duvessa, uniq_eustachio
D:7:      layout_cave_pools, overflow_temple_1_default, serial_bayou,
          serial_bayou_pond_d, serial_bayou_pond_a, serial_bayou_shore_b,
          serial_bayou_pond_d
D:8:      layout_rooms, enter_ossuary_3, nicolae_eternal_life, uniq_maggie
D:9:      minmay_the_grid_triangle_9x9_rhombus_thin
          [minmay_the_grid_triangle_9x9_stretched_checkered,
          minmay_the_grid_triangle_9x9_prize_center,
          minmay_the_grid_triangle_9x9_semitri,
          minmay_the_grid_triangle_9x9_dagger], layout_basic
D:10:     layout_loops_corners, nicolae_uskayaw_dance_studio,
          yredelemnul_altar_generic, david_orc_3, nicolae_shop_gadgets
D:11:     layout_loops_ring, lair_entry_dummy, uniq_harold, uniq_psyche
Lair:1:   layout_regular_city
Lair:2:   layout_cave_shapes, minmay_shoals_entry_lonely_mermaid, special_room
          [special_room_bee], serial_bayou_shore_b, uniq_nergalle

Skill      XL: |  1  2  3  4  5  6  7  8  9 10 11 12 |
---------------+-------------------------------------+-----
Long Blades    | 4 5 |  5.5
Dodging        | 4 5 6 7 8 9 |  9.3
Fighting       | 4 5 6 7 |  7.3
Short Blades   | 1 2 3 4 6 7 8 |  8.5
Armour         | 1 2 4 5 7 |  7.1
Evocations     | 1 2 3 |  3.0
Invocations    | 2 6 10 13 | 13.1
Stealth        | 1 |  1.9
Shields        | 4 7 |  7.7
Throwing       | 1 |  1.2

Action                     |  1- 3 |  4- 6 |  7- 9 | 10-12 || total
---------------------------+-------+-------+-------+-------++-------
  Melee: Falchion          |    86 |     4 |       |       ||    90
         Dagger            |       |   200 |   368 |    31 ||   599
         Short sword       |       |       |       |   750 ||   750
  Throw: Dart              |       |       |       |    10 ||    10
 Invoke: Minor Destruction |       |       |    33 |   132 ||   165
         Lesser Servant of |       |       |     1 |     9 ||    10
  Evoke: Wand              |       |       |     2 |     1 ||     3
         Piece from Xom's  |       |       |     1 |     3 ||     4
    Use: Scroll            |       |       |       |    27 ||    27
         Potion            |       |       |       |     2 ||     2
   Stab: Distracted        |       |       |     1 |       ||     1
 Armour: Robe              |    21 |     1 |       |       ||    22
         Leather armour    |       |    26 |       |       ||    26
         Ring mail         |       |    64 |   125 |    98 ||   287
         Acid dragon scale |       |       |       |   162 ||   162
  Dodge: Dodged            |    53 |   104 |   187 |   346 ||   690
  Block: Kite shield       |       |       |       |   290 ||   290
